 Dungeon Crawl Stone Soup version 0.21-a0-633-g4c047d5f35 (webtiles) character file.

450 MrRokkomies the Bolt Thrower (level 7, -1/45 HPs)
             Began as a Kobold Hunter on Dec 29, 2017.
             Slain by MrRokkomies's ghost (5 damage)
             ... on level 4 of the Dungeon.
             The game lasted 00:06:04 (2968 turns).

MrRokkomies the Bolt Thrower (Kobold Hunter)        Turns: 2968, Time: 00:06:05

Health: -1/45      AC:  9    Str: 11    XL:     7   Next: 25%
Magic:  7/7        EV: 15    Int: 15    God:
Gold:   151        SH:  0    Dex: 17    Spells: 6/6 levels left

rFire    . . .     SeeInvis .   b - +2 dagger (venom)
rCold    . . .     Gourm    .   (shield restricted)
rNeg     . . .     Faith    +   c - +2 robe {MR+}
rPois    .         Spirit   .   n - +0 helmet
rElec    .         Reflect  .   (no cloak)
rCorr    .         Harm     .   h - +1 pair of gloves
MR       ++...                  (no boots)
Stlth    ++........             e - amulet of faith
HPRegen  0.15/turn              j - ring of protection from magic
MPRegen  0.10/turn              i - ring of stealth

@: confused
A: small, slimy green scales 1, thin skeletal structure 1, carnivore, clever 1,
sense surroundings 1, screaming 1, wild magic 1
a: no special abilities


You were on level 4 of the Dungeon.
You were not hungry.

You visited 1 branch of the dungeon, and saw 4 of its levels.

You collected 151 gold pieces.

Inventory:

Hand Weapons
 a - a +2 hand crossbow
 b - a +2 dagger of venom (weapon)
Missiles
 d - 20 bolts
Armour
 c - a +2 robe of magic resistance (worn)
 h - a +1 pair of gloves (worn)
 n - a +0 helmet (worn)
Jewellery
 e - an amulet of faith (around neck)
 i - a ring of stealth (right hand)
 j - a ring of protection from magic (left hand)
Potions
 g - a potion of ambrosia
 k - a potion of might
 l - a potion of magic
 m - a potion of lignification {unknown}
Comestibles
 f - 4 rations


   Skills:
 * Level 5.8 Fighting
 * Level 7.7 Crossbows
 - Level 2.4 Dodging
 - Level 1.3 Stealth


You had 6 spell levels left.
You didn't know any spells.

Dungeon Overview and Level Annotations

Branches:
Dungeon (4/15)
 Temple: D:4-7

Altars:
Fedhas
Hepliaklqana
Ru

Annotations:
D:4 MrRokkomies's ghost, novice KoHu


Innate Abilities, Weirdness & Mutations

You are small and have problems with some larger weapons.
You are carnivorous and can eat meat at any time.
You are partially covered in slimy green scales. (AC +2)
You have a somewhat thin skeletal structure. (Dex +2, Stealth)
Your mind is acute. (Int +2)
You passively map a small area around you.
You occasionally shout uncontrollably at your foes.
Your spells are a little harder to cast, but a little more powerful.


Message History

* * * LOW HITPOINT WARNING * * *
The gnoll barely misses you.
You barely miss the gnoll.
The gnoll is severely wounded.
You kill the gnoll!
MrRokkomies's ghost screams, "I'll kill anyone who wants the ORB!"
MrRokkomies's ghost barely misses you.
You are confused.
You feel invigorated. The jackal barely misses you.
The phantom blinks!
MrRokkomies's ghost hits you.
* * * LOW HITPOINT WARNING * * *
You bump into the rock wall.
The jackal misses you. MrRokkomies's ghost hits you!
* * * LOW HITPOINT WARNING * * *
The jackal barely misses you.
A gnoll comes into view. It is wielding a club.
You bump into the rock wall.
The jackal pauses to sniff the ground.
The jackal closely misses you. MrRokkomies's ghost hits you.
You die...

* , , #####..#
, # ,,
..#...#*, , ..
, #.#.#.# *
....###.#.#.#
............#*
...#####
######.#.###
...W.... #l#.#
...#.### ,
#W#.# , * *
#@#.# * , ,
*#h#.# , ....#
* , *, *##.###
, #.# * * , ,
, ... , ,, ≈ ≈
≈≈g , ≈≈ ≈≈≈ ≈
≈


You could see an iguana, MrRokkomies's ghost, a gnoll and a jackal.

Vanquished Creatures
  A centaur (D:3)
  A scorpion (D:2)
  An orc priest (D:3)
  A bullfrog skeleton (D:4)
  An iguana (D:4)
  2 worker ants (D:4)
  Robin (D:3)
  A gnoll (D:4)
  7 adders
  An ooze (D:3)
  5 worms
  2 dart slugs (D:1)
  2 leopard geckos (D:2)
  6 orcs
  A ball python (D:3)
  3 giant cockroaches
  13 hobgoblins
  5 jackals
  7 kobolds
  3 quokkas
  5 bats
  3 frilled lizards
  6 goblins
  4 rats
82 creatures vanquished.

Notes
Turn   | Place    | Note
-------+----------+-------------------------------------------
     0 | D:1      | MrRokkomies the Kobold Hunter began the quest for the Orb.
     0 | D:1      | Reached XP level 1. HP: 12/12 MP: 1/1
    30 | D:1      | Reached skill level 5 in Crossbows
    48 | D:1      | Reached XP level 2. HP: 13/18 MP: 2/2
   345 | D:1      | Reached XP level 3. HP: 12/23 MP: 3/3
   825 | D:2      | Gained mutation: You do not regenerate when monsters are visible. [potion of mutation]
   825 | D:2      | Gained mutation: You are partially covered in slimy green scales. (AC +2) [potion of mutation]
   825 | D:2      | Gained mutation: You passively map a small area around you. [potion of mutation]
   825 | D:2      | Gained mutation: You have a somewhat thin skeletal structure. (Dex +2, Stealth) [potion of mutation]
   826 | D:2      | Lost mutation: You do not regenerate when monsters are visible. [potion of mutation]
   826 | D:2      | Gained mutation: Your spells are a little harder to cast, but a little more powerful. [potion of mutation]
   826 | D:2      | Gained mutation: You occasionally shout uncontrollably at your foes. [potion of mutation]
   826 | D:2      | Gained mutation: Your mind is acute. (Int +2) [potion of mutation]
   831 | D:2      | Noticed a scorpion
   837 | D:2      | Killed a scorpion
   837 | D:2      | Reached XP level 4. HP: 24/29 MP: 4/4
   849 | D:2      | Reached skill level 6 in Crossbows
   909 | D:2      | Reached XP level 5. HP: 33/33 MP: 5/5
  1258 | D:2      | Found a blossoming altar of Fedhas.
  1356 | D:2      | Found a sacrificial altar of Ru.
  1763 | D:3      | Reached XP level 6. HP: 39/39 MP: 6/6
  2006 | D:3      | Reached skill level 5 in Fighting
  2006 | D:3      | Reached skill level 7 in Crossbows
  2191 | D:3      | Found a hazy altar of Hepliaklqana.
  2295 | D:3      | Noticed Robin
  2320 | D:3      | Killed Robin
  2847 | D:4      | Reached XP level 7. HP: 38/44 MP: 7/7
  2911 | D:4      | Noticed MrRokkomies's ghost (novice KoHu)
  2967 | D:4      | HP: 1/45 [MrRokkomies's ghost (9)]
  2968 | D:4      | Slain by MrRokkomies's ghost

Vault maps used:
D:1:      dpeg_arrival_water_altar, minmay_tetromino_l4
D:2:      fedhas_altar_1, nicolae_ru_the_path_less_chosen, first_ration
D:3:      lemuel_crystal_altar, uniq_robin
D:4:      lemuel_castle_with_subvaults, gammafunk_temple_overflow_pools,
          kennysheep_generic_room_13

Skill      XL: |  1  2  3  4  5  6 |
---------------+-------------------+-----
Crossbows      | 5 6 7 |  7.7
Fighting       | 3 4 5 |  5.8
Dodging        | |  2.4
Stealth        | |  1.3

Action                   |  1- 3 |  4- 6 |  7- 9 || total
-------------------------+-------+-------+-------++-------
Melee: Short sword       |     5 |       |       ||     5
       Dagger            |    56 |   180 |    23 ||   259
 Fire: Hand crossbow     |     6 |       |       ||     6
  Use: Potion            |     2 |     2 |     1 ||     5
       Scroll            |     1 |     4 |     2 ||     7
 Stab: Sleeping          |     1 |    11 |     3 ||    15
  Eat: Chunk             |       |     7 |       ||     7
Armor: Leather armour    |     4 |       |       ||     4
       Scale mail        |     9 |     1 |       ||    10
       Robe              |       |    40 |     3 ||    43
Dodge: Dodged            |    49 |   127 |    26 ||   202

Table legend:
 A = Spawn XP
 B = Non-spawn XP
 C = Spawn XP percentage of total XP
 D = Spawn monster count
 E = Non-spawn monster count
 F = Spawn count percentage of total count
 G = Total turns spent on level
                    A         B        C        D         E        F      G
               +---------+---------+-------+---------+---------+-------+---------
         Total |       0 |     644 |   0.0 |       0 |      82 |   0.0 |  2968
               +---------+---------+-------+---------+---------+-------+---------
           D:1 |       0 |      38 |   0.0 |       0 |      21 |   0.0 |   823
           D:2 |       0 |     145 |   0.0 |       0 |      18 |   0.0 |   868
           D:3 |       0 |     288 |   0.0 |       0 |      34 |   0.0 |   725
           D:4 |       0 |     173 |   0.0 |       0 |       9 |   0.0 |   552
               +---------+---------+-------+---------+---------+-------+---------
